 Dungeon Crawl Stone Soup version 0.21.0-3-g78d12a8 (webtiles) character file.

191 Exaltedone87 the Skirmisher (level 5, -11/41 HPs)
             Began as a Demonspawn Fighter on Jan 8, 2018.
             Mangled by an ogre
             ... wielding a +0 giant club
              (26 damage)
             ... on level 4 of the Dungeon.
             The game lasted 00:04:31 (2526 turns).

Exaltedone87 the Skirmisher (Demonspawn Fighter)    Turns: 2526, Time: 00:04:32

Health: -11/41     AC: 10    Str: 18    XL:     5   Next: 42%
Magic:  14/14      EV: 10    Int:  9    God:
Gold:   207        SH: 10    Dex: 19    Spells: 4/4 levels left

rFire    . . .     SeeInvis .   a - +0 war axe
rCold    . . .     Gourm    .   c - +0 shield
rNeg     . . .     Faith    .   r - +0 chain mail
rPois    .         Spirit   .   (no helmet)
rElec    .         Reflect  .   (no cloak)
rCorr    .         Harm     .   j - +0 pair of gloves
MR       .....                  (no boots)
Stlth    ..........             (no amulet)
HPRegen  0.13/turn              k - ring of magical power
MPRegen  0.14/turn              (no ring)

@: agile
A: thin skeletal structure 1
a: no special abilities


You were on level 4 of the Dungeon.
You were not hungry.

You visited 1 branch of the dungeon, and saw 4 of its levels.

You collected 207 gold pieces.

Inventory:

Hand Weapons
 a - a +0 war axe (weapon)
Armour
 c - a +0 shield (worn)
 j - a +0 pair of gloves (worn)
 r - a +0 chain mail (worn)
Jewellery
 k - a ring of magical power (left hand)
Scrolls
 l - a scroll of teleportation
 m - 2 scrolls of immolation {unknown}
 o - a scroll of blinking {unknown}
 q - a scroll of enchant weapon {unknown}
 s - 2 scrolls of enchant armour {unknown}
 u - a scroll of identify
Potions
 b - 2 potions of agility
 d - a potion of might
 e - 2 potions of curing {unknown}
 g - 3 potions of heal wounds {unknown}
 h - a potion of haste {unknown}
 i - 2 potions of mutation {unknown}
 n - 3 potions of brilliance {unknown}
 p - a potion of ambrosia {unknown}
Comestibles
 f - 7 rations
 t - 3 chunks of flesh


   Skills:
 + Level 3.6 Fighting
 * Level 3.3 Axes
 + Level 3.4 Armour
 + Level 1.5 Dodging
 + Level 3.3 Shields


You had 4 spell levels left.
You didn't know any spells.

Dungeon Overview and Level Annotations

Branches:
Dungeon (4/15)
 Temple: D:4-7

Altars:
Zin


Innate Abilities, Weirdness & Mutations

You have a somewhat thin skeletal structure. (Dex +2, Stealth)


Message History

HP restored.
Found a leather armour.
You now have 207 gold pieces (gained 7).
An ogre comes into view. It is wielding a giant club.
The ogre shouts!
Found a scroll labeled ZOMUAS XIEKH.
It was a potion of agility.
You feel agile all of a sudden.
You slash the ogre!
The ogre is heavily wounded.
You block the ogre's attack.
You barely miss the ogre.
The ogre is heavily wounded.
The ogre hits you with a giant club!!
Ouch! That really hurt!
You hit the ogre.
The ogre is severely wounded.
The ogre hits you with a giant club!!
Ouch! That really hurt!
You die...

..# #..####... .##
#................ .##
#.........?...... ..#
#.......##......
..#####......###....#
....##......# #....#
.....#......###...#
..........).##..O#
................@#
................##
................#
##..............#
###.............#
##....######.....#
#.....## ###.....
.......# #......
.......)# ..[.###.


You could see an ogre.

Vanquished Creatures
  A worker ant (D:4)
  Jessica (D:2)
  5 adders
  3 worms
  3 dart slugs
  5 leopard geckos
  3 orcs (D:3)
  8 bats
  5 giant cockroaches
  7 goblins
  7 hobgoblins
  A quokka (D:4)
  A ball python (D:3)
  5 frilled lizards
  9 kobolds
  10 rats
74 creatures vanquished.

Notes
Turn   | Place    | Note
-------+----------+-------------------------------------------
     0 | D:1      | Exaltedone87 the Demonspawn Fighter began the quest for the Orb.
     0 | D:1      | Reached XP level 1. HP: 18/18 MP: 1/1
   115 | D:1      | Gained mutation: You have a somewhat thin skeletal structure. (Dex +2, Stealth) [demonic ancestry]
   115 | D:1      | Reached XP level 2. HP: 24/24 MP: 2/2
   587 | D:2      | Noticed Jessica
   595 | D:2      | Killed Jessica
   595 | D:2      | Reached XP level 3. HP: 29/29 MP: 3/3
   603 | D:2      | Reached skill level 1 in Dodging
   856 | D:2      | Reached XP level 4. HP: 34/35 MP: 4/4
   967 | D:2      | Found a glowing silver altar of Zin.
  1705 | D:3      | Reached XP level 5. HP: 38/41 MP: 5/5
  2519 | D:4      | Noticed an ogre
  2526 | D:4      | Mangled by an ogre

Skill      XL: |  1  2  3  4 |
---------------+-------------+-----
Axes           | 2 3 |  3.3
Armour         | 3 |  3.4
Dodging        | 1 |  1.5
Shields        | 3 |  3.3
Fighting       | |  3.6

Action                   |  1- 3 |  4- 6 || total
-------------------------+-------+-------++-------
Melee: War axe           |    90 |   152 ||   242
  Use: Scroll            |       |     2 ||     2
       Potion            |       |     1 ||     1
  Eat: Chunk             |       |     6 ||     6
Armor: Scale mail        |    43 |    46 ||    89
       Chain mail        |       |    44 ||    44
Dodge: Dodged            |    27 |    48 ||    75
Block: Shield            |    50 |    83 ||   133
